 Dungeon Crawl Stone Soup version 0.29.1-1-gd02db6906a (webtiles) character file.

Game seed: 10877973588299264349

38 xian the Grasshopper (level 3, 0/37 HPs)
             Began as an Ogre Warper on Oct 2, 2022.
             Slain by Sigmund
             ... wielding a +1 scythe of flaming
              (1 damage)
             ... on level 2 of the Dungeon.
             The game lasted 00:03:14 (1512 turns).

xian the Grasshopper (Ogre Warper)                  Turns: 1512, Time: 00:03:15

Health: 0/37       AC:  3    Str: 23    XL:     3   Next: 43%
Magic:  15/15      EV: 10    Int: 14    God:
Gold:   82         SH:  0    Dex:  8    Spells: 4/6 levels left

rFire   . . .      SeeInvis .   a - +0 hand axe
rCold   . . .      Faith    .   (no shield)
rNeg    . . .      Spirit   .   b - +0 robe
rPois   .          Reflect  .   (helmet restricted)
rElec   .          Harm     .   (no cloak)
rCorr   .          Rampage  .   (gloves unavailable)
Will    .....                   (boots unavailable)
Stlth   +.........              (no amulet)
HPRegen 0.12/turn               g - +6 ring of strength
MPRegen 0.14/turn               h - ring of magical power

@: hasted, very quick
A: large, unfitting armour, tough skin 1
a: no special abilities


You were on level 2 of the Dungeon.
You visited 1 branch of the dungeon, and saw 2 of its levels.

You collected 82 gold pieces.

Inventory:

Hand Weapons
 a - a +0 hand axe (weapon)
Missiles
 d - 2 boomerangs of dispersal (quivered)
Armour
 b - a +0 robe (worn)
Jewellery
 g - a +6 ring of strength (left hand)
 h - a ring of magical power (right hand)
Scrolls
 c - 2 scrolls of blinking
 j - a scroll of identify {unknown}
 l - a scroll of magic mapping {unknown}
 m - a scroll of brand weapon {unknown}
Potions
 e - a potion of flight
 i - a potion of lignification


   Skills:
 + Level 3.0 Fighting
 + Level 2.7 Axes
 + Level 1.0 Throwing
 + Level 2.4 Dodging
 + Level 0.2 Stealth
 + Level 2.4 Spellcasting
 + Level 3.1 Translocations


You had 4 spell levels left.
You knew the following spells:

 Your Spells              Type           Power      Damage    Failure   Level
a - Blink                 Tloc           20%        N/A       10%         2

Your spell library contained the following spells:

 Spells                   Type           Power      Damage    Failure   Level
 Gell's Gravitas          Tloc           10%        N/A       19%         3
 Lesser Beckoning         Tloc           10%        N/A       19%         3
 Teleport Other           Tloc           10%        N/A       19%         3
 Shock                    Conj/Air       4%         1d3       22%         1
 Summon Guardian Golem    Hex/Summ       1%         N/A       56%         3
 Swiftness                Air            1%         N/A       56%         3
 Airstrike                Air            0%         2d(1-17)  92%         4
 Manifold Assault         Tloc           10%        N/A       86%         5
 Orb of Destruction       Conj           0%         9d5       100%        7
 Spellforged Servitor     Conj/Summ      0%         N/A       100%        7


Dungeon Overview and Level Annotations

Branches:
Dungeon (2/15)

Altars:

Annotations:
D:2 Sigmund


Innate Abilities, Weirdness & Mutations

You are too large for most types of armour.
You have tough skin. (AC +1)


Message History

Deactivating autopickup; reactivate with Ctrl-A.
Unknown command.
You cannot move.
You cannot move.
You cannot move.
Your transformation is almost over.
Something hits you. Something burns you. Something hits you!
Something burns you.
You cannot move.
You cannot move.
You cannot move.
You cannot move.
You cannot move.
You cannot move.
You cannot move.
You cannot move.
You cannot move.
Something hits you but does no damage.
It was a potion of curing.
You feel better. Something hits you but does no damage.
It was a potion of haste.
You feel yourself speed up.
Unknown command.
You start resting.
Something hits you but does no damage.
There is a strange disturbance nearby!
There is a strange disturbance nearby!
You cannot move.
You cannot move.
You feel less wooden.
Your +0 robe unmelds from your body.
Something hits you! Something burns you.
You hear some strange, mumbled words.
A puff of flame appears from out of thin air!
The puff of flame hits you. Something hits you!
* * * LOW HITPOINT WARNING * * *
Something burns you.
* * * LOW HITPOINT WARNING * * *
Something hits you.
* * * LOW HITPOINT WARNING * * *
Something burns you.
You die...

#..†.#...##
#....#.....
#....#...#
#....#...########
#....#..........#
#............##.#
#............##.#
#............##.#
#....##.#######@#
#....##.# #.#
##.####.# #{# #.#
#.# #.# #.# #.#
#.# #.# #.# #.#
#.# #.# #.# #.#
#.. ... #.#


There were no monsters in sight!

Vanquished Creatures
  An adder (D:2)
  3 dart slugs (D:1)
  4 endoplasms
  A giant cockroach (D:1)
  A goblin (D:1)
  A hobgoblin (D:1)
  3 jackals (D:1)
  A quokka (D:2)
  2 ball pythons
  2 bats
  2 frilled lizards (D:1)
  A rat (D:1)
22 creatures vanquished.

Notes
Turn   | Place    | Note
-------+----------+-------------------------------------------
     0 | D:1      | xian the Ogre Warper began the quest for the Orb.
     0 | D:1      | Reached XP level 1. HP: 22/22 MP: 3/3
   156 | D:1      | Reached XP level 2. HP: 23/29 MP: 5/5
   159 | D:1      | Learned a level 2 spell: Blink
  1045 | D:2      | Reached XP level 3. HP: 37/37 MP: 6/6
  1483 | D:2      | Noticed Sigmund
  1512 | D:2      | HP: 1/37 [something (2)]
  1512 | D:2      | Slain by Sigmund

Illustrated notes

Levels and vault maps discovered:
D:1:      dpeg_arrival_long_road, layout_loops_ring,
          chequers_serial_rivers_micro_c
D:2:      layout_basic, chequers_serial_rivers_large_a, st_stairs_14,
          uniq_sigmund

Skill      XL: |  1  2 |
---------------+-------+-----
Translocations | 3 |  3.1
Fighting       | 3 |  3.0
Axes           | |  2.7
Throwing       | |  1.0
Dodging        | |  2.4
Stealth        | |  0.2
Spellcasting   | |  2.4

Action                   || total
-------------------------++-------
Melee: Hand axe          ||    79
       Punch             ||     1
Throw: Boomerang         ||     5
 Cast: Blink             ||     1
  Use: Potion            ||     5
 Stab: Sleeping          ||     1
Armor: Robe              ||    25
       Skin              ||     6
Dodge: Dodged            ||    42
